 Dungeon Crawl Stone Soup version 0.30-a0-341-g682706514a (webtiles) character file.

Game seed: 584776296854231730

708 IdlyInterested the Magician (level 7, 0/46 (54) HPs)
             Began as a Demonspawn Wanderer on Nov 4, 2022.
             Slain by Pikel
             ... wielding a +2 whip of flaming
              (4 damage)
             ... on level 4 of the Dungeon.
             The game lasted 00:11:23 (4035 turns).

IdlyInterested the Magician (Demonspawn Wanderer)   Turns: 4035, Time: 00:11:24

HP:   0/46 (54)     AC:  8    Str: 25    XL:     7   Next: 40%
MP:   13/13         EV: 11    Int: 13    God:
Gold: 201           SH:  0    Dex: 14    Spells: 13/14 levels left

rFire   . . .      SeeInvis .    s - +5 battleaxe
rCold   . . .      Faith    .    (shield currently unavailable)
rNeg    . . .      Spirit   .    o - +0 ring mail
rPois   .          Reflect  .    f - +0 helmet
rElec   .          Harm     .    d - scarf {shadows}
rCorr   .          Rampage  .    (no gloves)
Will    .....                    (no boots)
Stlth   +.........               g - amulet of the acrobat
HPRegen 0.27/turn                u - +6 ring of strength
MPRegen 0.13/turn                x - +6 ring of strength

@: heavily drained
A: molten scales 1, powered by pain 1, weakness stinger 1
a: no special abilities


You were on level 4 of the Dungeon.
You visited 1 branch of the dungeon, and saw 4 of its levels.

You collected 201 gold pieces.

Inventory:

Hand Weapons
 a - a +0 spear of freezing
 n - a +1 dagger of speed
 s - a +5 battleaxe (weapon)
 v - a +0 morningstar
 w - a +1 hand axe of venom
 y - a +0 rapier
 z - a +5 halberd
Missiles
 b - 15 poisoned darts (quivered)
 k - 4 boomerangs
 m - 3 silver javelins
Armour
 d - a scarf of shadows (worn)
 e - a +0 leather armour
 f - a +0 helmet (worn)
 o - a +0 ring mail (worn)
Jewellery
 g - an amulet of the acrobat (around neck)
 u - a +6 ring of strength (left hand)
 x - a +6 ring of strength (right hand)
Scrolls
 c - a scroll of enchant weapon {unknown}
 h - 2 scrolls of identify
 j - 3 scrolls of fog
 l - 2 scrolls of teleportation
 r - a scroll of brand weapon
Potions
 i - a potion of lignification
 p - a potion of invisibility
 q - a potion of brilliance
 t - a potion of flight


   Skills:
 + Level 4.1 Fighting
 - Level 1.7 Polearms
 - Level 1.7 Throwing
 - Level 1.0 Armour
 - Level 1.0 Dodging
 - Level 1.0 Stealth
 * Level 4.1 Spellcasting
 * Level 3.9 Conjurations
 - Level 4.0 Necromancy
 - Level 1.2 Invocations
 * Level 0.6 Evocations


You had 13 spell levels left.
You knew the following spells:

 Your Spells              Type           Power      Damage    Failure   Level
a - Kiss of Death         Conj/Necr      52%        2d9       6%          1

Your spell library contained the following spells:

 Spells                   Type           Power      Damage    Failure   Level
 Searing Ray              Conj           24%        2d5       10%         2
 Foxfire                  Conj/Fire      28%        2x1d5     14%         1
 Ensorcelled Hibernation  Hex/Ice        4%         N/A       43%         2
 Passwall                 Tmut/Erth      1%         N/A       43%         2
 Ignite Poison            Fire/Tmut/Pois 2%         N/A       67%         3
 Kindle Blastsparks       Fire/Tloc/Air  4%         2d10      67%         3
 Swiftness                Air            2%         N/A       67%         3
 Flame Wave               Conj/Fire      7%         2d5       80%         4
 Fireball                 Conj/Fire      3%         3d4       98%         5
 Freezing Cloud           Conj/Ice/Air   3%         6-21      99%         5
 Starburst                Conj/Fire      3%         6d3       100%        6


Dungeon Overview and Level Annotations

Branches:
Dungeon (4/15)
 Temple: D:4-7

Altars:
Gozag
Nemelex Xobeh
Trog
Wu Jian
Yredelemnul

Annotations:
D:4 Pikel


Innate Abilities, Weirdness & Mutations

You are partially covered in molten scales. (AC +2)
You sometimes gain a little power by taking damage.
You have a small tail.


Message History

You barely miss Pikel.
Your tail-slap misses Pikel.
Pikel is moderately wounded.
You barely miss the lemure. x2
Pikel hits you with a +2 whip of flaming.
Pikel burns you.
A lemure comes into view.
The lemure barely misses you. Pikel hits you but does no damage.
The lemure hits you. The lemure closely misses you.
The lemure hits you but does no damage.
You barely miss Pikel.
Pikel is moderately wounded.
You slash the lemure! You hit the lemure. You barely miss the lemure.
Pikel closely misses you. The lemure closely misses you.
The lemure hits you but does no damage. The lemure hits you.
Pikel hits you but does no damage.
The lemure splashes around in the water.
The lemure misses you.
You closely miss Pikel.
Pikel is moderately wounded.
You barely miss the lemure. You slash the lemure!
You hit the lemure but do no damage. The lemure closely misses you.
Pikel hits you but does no damage. The lemure closely misses you.
The lemure barely misses you. The lemure hits you.
Unknown command.
You closely miss Pikel.
Your tail-slap misses Pikel.
Pikel is moderately wounded.
You closely miss the lemure. x2; You barely miss the lemure.
Pikel barely misses you. The lemure hits you. x3
Pikel hits you with a +2 whip of flaming!
Pikel burns you. The lemure hits you!
* * * LOW HITPOINT WARNING * * *
The lemure barely misses you. The lemure closely misses you.
You barely miss Pikel.
Pikel is lightly wounded.
You barely miss the lemure. You completely miss the lemure.
You closely miss the lemure.
Pikel hits you with a +2 whip of flaming!
* * * LOW HITPOINT WARNING * * *
Pikel burns you.
You die...

..~~≈≈≈≈~..#
#.~~P≈≈~~..# #
#..~~≈≈~.P.#
..).#...P≈≈≈~~.#
#.#....~≈~≈≈~~.#
#####.#.##..~~~≈5..#
........##..~~~~K5.#
........###.~P~~@5##
........###..~≈~5.#
............P~≈≈~.#
........###.~~≈~....
.......##
#.~≈≈~~..>. .......#
#..≈≈≈~.... #####'##
#.~~≈≈≈..##. ##...##
#..~≈≈~~.#
##.....###.~~≈≈~P..


You could see Pikel (drained) and 4 lemures.

Vanquished Creatures
  A phantom (D:3)
  3 necrophages (D:4)
  3 wights (D:4)
  A hound (D:4)
  An orc priest (D:4)
  A human zombie (D:4)
  2 scorpion zombies (D:4)
  A hound zombie (D:4)
  3 gnolls (D:4)
  3 adders
  An adder zombie (D:4)
  3 orcs (D:4)
  7 bats
  5 endoplasms
  A giant cockroach (D:1)
  7 goblins
  9 hobgoblins
  10 jackals
  8 kobolds
  6 quokkas
  9 ball pythons
  3 frilled lizards
  A jackal zombie (D:4)
  4 rats
93 creatures vanquished.

Vanquished Creatures (others)
  3 plants (D:4)
3 creatures vanquished.

Grand Total: 96 creatures vanquished

Notes
Turn   | Place    | Note
-------+----------+-------------------------------------------
     0 | D:1      | IdlyInterested the Demonspawn Wanderer began the quest for
                  | the Orb.
     0 | D:1      | IdlyInterested set off with the following items: a +0
                  | spear, 15 poisoned darts, a +0 dagger, a potion of berserk
                  | rage, a +0 leather armour; and the following spell
                  | memorised: Kiss of Death; and the following spells
                  | available to memorise: Searing Ray, Flame Wave.
     0 | D:1      | Reached XP level 1. HP: 13/13 MP: 2/2
   203 | D:1      | Reached skill level 1 in Necromancy
   252 | D:1      | Gained mutation: You are partially covered in molten
                  | scales. (AC +2) [demonic ancestry]
   252 | D:1      | Reached XP level 2. HP: 19/19 MP: 3/3
   519 | D:1      | Found a faded altar of an unknown god.
   787 | D:1      | You fall into a shaft and drop 1 floor!
   858 | D:1      | Reached XP level 3. HP: 25/25 MP: 5/5
  1356 | D:2      | Found a bloodstained altar of Trog.
  1776 | D:2      | Reached skill level 1 in Fighting
  2288 | D:3      | Noticed a phantom
  2311 | D:3      | Killed a phantom
  2312 | D:3      | Gained mutation: You have a small tail. [demonic ancestry]
  2312 | D:3      | Reached XP level 4. HP: 5/33 MP: 6/8
  2312 | D:3      | Gained mutation: You sometimes gain a little power by
                  | taking damage. [demonic ancestry]
  2312 | D:3      | Reached XP level 5. HP: 6/38 MP: 6/9
  2697 | D:3      | Found an ornate altar of the Wu Jian Council.
  2733 | D:3      | Found an opulent altar of Gozag.
  3361 | D:4      | Reached skill level 1 in Armour
  3449 | D:4      | Found a sparkling altar of Nemelex Xobeh.
  3576 | D:4      | Reached XP level 6. HP: 27/46 MP: 9/11
  3843 | D:4      | Reached XP level 7. HP: 39/51 MP: 12/12
  3843 | D:4      | Found a basalt altar of Yredelemnul.
  3859 | D:4      | Reached skill level 1 in Dodging
  4025 | D:4      | Noticed Pikel
  4035 | D:4      | Slain by Pikel

Illustrated notes

Levels and vault maps discovered:
D:1:      amcnicky_arrival_choice, layout_basic,
          chequers_ecumenical_altar_simple
D:2:      layout_loops_ring, basic_altar
D:3:      layout_basic, dreamdust_divine_triumvirate,
          nicolae_overflow_hidden_temple, mainiacjoe_overflow_alcove_1,
          serial_park_tiny_2
D:4:      layout_loops_corners, lemuel_mausoleum_altar_yredelemnul,
          mainiacjoe_overflow_24_doors, minivault_5, chequers_big_river,
          uniq_pikel

Skill      XL: |  1  2  3  4  5  6  7 |
---------------+----------------------+-----
Necromancy     | 1 2 3 4 |  4.0
Spellcasting   | 2 3 4 |  4.1
Fighting       | 2 3 4 |  4.1
Armour         | 1 |  1.0
Dodging        | 1 |  1.0
Polearms       | |  1.7
Throwing       | |  1.7
Stealth        | |  1.0
Conjurations   | |  3.9
Invocations    | |  1.2
Evocations     | |  0.6

Action                   |  1- 3 |  4- 6 |  7- 9 || total
-------------------------+-------+-------+-------++-------
Melee: Spear             |   218 |    44 |       ||   262
       Hand axe          |       |    48 |       ||    48
       Tailslap          |       |    14 |     6 ||    20
       Halberd           |       |    17 |    19 ||    36
       Punch             |       |     2 |       ||     2
       Battleaxe         |       |       |    11 ||    11
Throw: Dart              |       |     1 |       ||     1
 Cast: Kiss of Death     |       |       |     1 ||     1
  Use: Scroll            |    10 |     3 |       ||    13
       Potion            |     1 |     1 |       ||     2
 Stab: Sleeping          |     1 |       |       ||     1
Armor: Leather armour    |    51 |       |       ||    51
       Ring mail         |    46 |    42 |    18 ||   106
Dodge: Dodged            |   104 |    49 |    30 ||   183

Table legend: (Time is in decaauts)
 A = Elapsed time spent in this place.
 B = Non-inter-level travel time spent in this place.
 C = Inter-level travel time spent in this place.
 D = Time resting spent in this place.
 E = Time spent auto-exploring this place.
 F = Levels seen in this place.
 G = Mean time per level.
                   A        B        C        D        E       F      G
               +--------+--------+--------+--------+--------+-----+--------+
         Total |   4088 |   3573 |    515 |    313 |   2234 |   4 | 1022.0 |
       Dungeon |   4088 |   3573 |    515 |    313 |   2234 |   4 | 1022.0 |
               +--------+--------+--------+--------+--------+-----+--------+

Top non-repeatable levels by time:
     D:1: 1216 daAuts
     D:3: 1090 daAuts
     D:2: 952 daAuts
     D:4: 829 daAuts
